[Event "47th GER-ch Blitz 2020"]
[Site "Magdeburg"]
[Date "2020.08.15"]
[Round "3.15"]
[White "Reichmann, Hendrik"]
[Black "Svane, Frederik"]
[Result "0-1"]
[ECO "A45"]
[WhiteElo "2348"]
[BlackElo "2421"]
[Annotator "ChessBase"]
[PlyCount "26"]
[EventDate "2020.07.28"]
[EventType "tourn"]
[EventCountry "GER"]
[SourceTitle "playchess.com"]
[Source "ChessBase"]
[SourceQuality "1"]
[TimeControl "180+2"]

1. d4 Nf6 2. Bf4 b6 3. e3 Bb7 4. Nf3 Nh5 5. Bg5 h6 6. Bh4 g5 7. Nfd2 Nf4 8. exf4 gxh4 9. Qh5 e6 10. Nf3 Qf6 11. Qxh4 Qxh4 12. Nxh4 Rg8 13. Rg1 Be7 0-1

[Event "47th GER-ch Blitz 2020"]
[Site "Magdeburg"]
[Date "2020.08.15"]
[Round "4.4"]
[White "Hess, Max"]
[Black "Koch, Thomas"]
[Result "0-1"]
[ECO "B53"]
[WhiteElo "2378"]
[BlackElo "2461"]
[Annotator "RC"]
[PlyCount "58"]
[EventDate "2020.07.28"]
[EventType "tourn"]
[EventCountry "GER"]
[SourceTitle "playchess.com"]
[Source "ChessBase"]
[SourceQuality "1"]
[TimeControl "180+2"]

1. e4 c5 2. Nf3 d6 3. d4 cxd4 4. Qxd4 a6 5. h3 Nc6 6. Qe3 g6 7. c4 Bg7 8. Nc3 Nf6 9. Be2 O-O 10. O-O Nd7 11. b3 Nde5 12. Nd2 Nb4 13. Rb1 Nc2 14. Qg3 Nd4 15. Bd1 e6 16. Bb2 b5 17. f4 Nec6 18. Kh1 f5 19. Ne2 Nxe2 20. Bxe2 Nd4 21. Bd3 Bb7 22. Rfe1 Qa5 23. Qe3 e5 24. fxe5 dxe5 25. exf5 gxf5 26. Bxd4 exd4 27. Qe6+ Kh8 28. Re2 Qc3 29. Bxf5 Bc8 0-1

[Event "47th GER-ch Blitz 2020"]
[Site "Magdeburg"]
[Date "2020.08.15"]
[Round "8.9"]
[White "Braeuning, Rudolf Wilhelm"]
[Black "Dobrikov, Marco"]
[Result "1/2-1/2"]
[ECO "B22"]
[WhiteElo "2244"]
[BlackElo "2290"]
[Annotator "RC"]
[PlyCount "198"]
[EventDate "2020.07.28"]
[EventType "tourn"]
[EventCountry "GER"]
[SourceTitle "playchess.com"]
[Source "ChessBase"]
[SourceQuality "1"]
[TimeControl "180+2"]

1. e4 c5 2. c3 Nf6 3. e5 Nd5 4. d4 cxd4 5. Nf3 Nc6 6. Bc4 Nb6 7. Bb3 d5 8. exd6 Qxd6 9. O-O g6 10. Ng5 e6 11. Na3 a6 12. Qf3 Qe7 13. Ne4 Bg7 14. Bg5 Qc7 15. Nf6+ Kf8 16. Bf4 Qe7 17. Ne4 e5 18. Bg5 Qd7 19. Nd6 f5 20. Nf7 Na5 21. Nxh8 Nxb3 22. axb3 Bxh8 23. cxd4 e4 24. Qg3 Nd5 25. Rac1 b5 26. Bf4 Bb7 27. Be5 Kf7 28. Qh4 Bxe5 29. dxe5 Kg7 30. Rfd1 Re8 31. Nc2 Rxe5 32. Nd4 Qe7 33. Qxe7+ Rxe7 34. Rc5 Nb4 35. Ne2 Nd3 36. Rc3 b4 37. Rc2 Bd5 38. Nd4 Bf7 39. f3 Rd7 40. Ne2 Bxb3 41. Rdc1 Bxc2 42. Rxc2 exf3 43. gxf3 Ne1 44. Rc6 Nxf3+ 45. Kf2 Nxh2 46. Rxa6 Ng4+ 47. Kf3 Rd3+ 48. Kf4 Kh6 49. Ng3 Kg7 50. Ra7+ Kg8 51. Ra8+ Kf7 52. Ra7+ Kf6 53. Ra6+ Ke7 54. Ne2 Rd2 55. Ng3 Rxb2 56. Kg5 Rd2 57. Kf4 b3 58. Rb6 Rd3 59. Ne2 Nf6 60. Rb7+ Nd7 61. Nc1 Rd4+ 62. Ke3 Re4+ 63. Kd3 Kd6 64. Nxb3 h5 65. Ra7 Ke6 66. Nd4+ Ke7 67. Nc6+ Ke8 68. Nd4 Ne5+ 69. Kc3 Re3+ 70. Kb4 h4 71. Kc5 Nd7+ 72. Kd6 Re4 73. Ne6 Rxe6+ 74. Kxe6 Nc5+ 75. Kf6 Ne4+ 76. Kxg6 h3 77. Ra2 Ng3 78. Kg5 Nf1 79. Rf2 Ne3 80. Kf4 Ng4 81. Rf1 Kf7 82. Rh1 Nf2 83. Rh2 Ne4 84. Kxf5 Nd6+ 85. Kf4 Nc4 86. Rxh3 Nd6 87. Rh6 Ke7 88. Rh7+ Ke6 89. Ra7 Kd5 90. Ke3 Ke5 91. Ra5+ Ke6 92. Kd4 Nf5+ 93. Kc4 Nd6+ 94. Kd3 Nf5 95. Rb5 Nd6 96. Rb2 Kd5 97. Rd2 Ke5 98. Ke3 Nc4+ 99. Kd3 Nxd2 1/2-1/2

[Event "47th GER-ch Blitz 2020"]
[Site "Magdeburg"]
[Date "2020.08.15"]
[Round "9.15"]
[White "Siebarth, Raiko"]
[Black "Hess, Max"]
[Result "0-1"]
[ECO "B23"]
[WhiteElo "2333"]
[BlackElo "2378"]
[Annotator "RC"]
[PlyCount "42"]
[EventDate "2020.07.28"]
[EventType "tourn"]
[EventCountry "GER"]
[SourceTitle "playchess.com"]
[Source "ChessBase"]
[SourceQuality "1"]
[TimeControl "180+2"]

1. e4 c5 2. Nc3 a6 3. Nge2 Nc6 4. g3 b5 5. d4 cxd4 6. Nxd4 Bb7 7. Bg2 e6 8. O-O Qc7 9. a3 Nf6 10. Be3 Be7 11. Qe2 Ne5 12. Bf4 d6 13. Rfe1 O-O 14. Rad1 Nc4 15. e5 dxe5 16. Bxe5 Nxe5 17. Qxe5 Qxe5 18. Rxe5 Bxg2 19. Kxg2 Rac8 20. Rd3 Rfd8 21. Nc6 Rxc6 0-1

[Event "47th GER-ch Blitz 2020"]
[Site "Magdeburg"]
[Date "2020.08.15"]
[Round "12.2"]
[White "Berger, Steve"]
[Black "Hess, Max"]
[Result "1-0"]
[ECO "B06"]
[WhiteElo "2408"]
[BlackElo "2378"]
[Annotator "ChessBase"]
[PlyCount "123"]
[EventDate "2020.07.28"]
[EventType "tourn"]
[EventCountry "GER"]
[SourceTitle "playchess.com"]
[Source "ChessBase"]
[SourceQuality "1"]
[TimeControl "180+2"]

1. e4 g6 2. d4 c6 3. c4 Bg7 4. Nc3 d6 5. Nf3 Nf6 6. Be2 O-O 7. O-O Nbd7 8. Be3 e5 9. d5 c5 10. Nd2 Kh8 11. a3 Ng8 12. b4 b6 13. Rb1 f5 14. f3 Bh6 15. Bxh6 Nxh6 16. Qa4 Qg5 17. f4 exf4 18. Qc6 Rb8 19. Qxd6 f3 20. Nxf3 Qe3+ 21. Kh1 Qxc3 22. bxc5 Nf7 23. Qe7 Qf6 24. Qxf6+ Nxf6 25. e5 Ng4 26. e6 Nfe5 27. Nxe5 Nxe5 28. Rfe1 Ba6 29. c6 Bxc4 30. e7 Rfe8 31. d6 Bxe2 32. d7 Rxe7 33. c7 Nxd7 34. cxb8=Q+ Nxb8 35. Rb2 Kg7 36. Rbxe2 Rxe2 37. Rxe2 Kf6 38. Kg1 Nc6 39. Kf2 b5 40. Rc2 Nd4 41. Rc7 a5 42. Rxh7 b4 43. axb4 axb4 44. Rb7 b3 45. Ke3 Ke5 46. g3 g5 47. Kd3 g4 48. Rb4 Nf3 49. Rb5+ Kf6 50. Rxb3 Nxh2 51. Ke3 Kg5 52. Rb8 Nf1+ 53. Kf2 Nd2 54. Rg8+ Kf6 55. Ke3 Ne4 56. Kf4 Nd6 57. Ra8 Ke6 58. Ra6 Kd5 59. Rxd6+ Kxd6 60. Kxf5 Ke7 61. Kxg4 Kf6 62. Kh5 1-0

[Event "47th GER-ch Blitz 2020"]
[Site "Magdeburg"]
[Date "2020.08.15"]
[Round "12.3"]
[White "Schoewel, Matthias"]
[Black "Siebarth, Raiko"]
[Result "1/2-1/2"]
[ECO "B50"]
[WhiteElo "2218"]
[BlackElo "2333"]
[Annotator "RC"]
[PlyCount "145"]
[EventDate "2020.07.28"]
[EventType "tourn"]
[EventCountry "GER"]
[SourceTitle "playchess.com"]
[Source "ChessBase"]
[SourceQuality "1"]
[TimeControl "180+2"]

1. e4 c5 2. Nf3 d6 3. Nc3 Nf6 4. d3 Nc6 5. Be2 g6 6. Bg5 Bg7 7. Qd2 h6 8. Be3 Rb8 9. a4 a6 10. h3 b5 11. axb5 axb5 12. O-O g5 13. Nh2 b4 14. Nd5 Nxd5 15. exd5 Nd4 16. Bxd4 Bxd4 17. c3 Be5 18. Rfe1 Kf8 19. Bh5 Bf5 20. Nf3 Bf6 21. d4 bxc3 22. bxc3 c4 23. Nh2 Kg7 24. Bg4 Bg6 25. Bf3 Ra8 26. Ng4 Qd7 27. Nxf6 exf6 28. Rxa8 Rxa8 29. Qe3 Ra3 30. Qc1 Qa4 31. Qe3 Qa5 32. Rc1 Ra1 33. Rxa1 Qxa1+ 34. Kh2 Qb2 35. g3 Bd3 36. Qe1 Qc2 37. Kg2 f5 38. Bh5 Be4+ 39. Bf3 Bxf3+ 40. Kxf3 Qd3+ 41. Kg2 Kf6 42. Qc1 Qe4+ 43. Kg1 Qxd5 44. h4 Qf3 45. hxg5+ hxg5 46. Qb2 f4 47. Qb4 Qd1+ 48. Kh2 fxg3+ 49. Kxg3 Qg1+ 50. Kf3 Qh1+ 51. Kg3 Qh4+ 52. Kg2 Qg4+ 53. Kf1 Qe6 54. Qb8 d5 55. Qd8+ Kg6 56. Qg8+ Kf5 57. Qh7+ Qg6 58. Qh3+ Kf6 59. Qf3+ Qf5 60. Qe3 Qd3+ 61. Qxd3 cxd3 62. Ke1 Kf5 63. Kd2 Ke4 64. Kd1 Kf3 65. Ke1 d2+ 66. Kxd2 Kxf2 67. c4 dxc4 68. d5 g4 69. d6 g3 70. d7 c3+ 71. Kxc3 g2 72. d8=Q g1=Q 73. Qf6+ 1/2-1/2

[Event "47th GER-ch Blitz 2020"]
[Site "Magdeburg"]
[Date "2020.08.15"]
[Round "12.4"]
[White "Stein, Robert"]
[Black "Schneider, Ilja"]
[Result "0-1"]
[ECO "D12"]
[WhiteElo "2325"]
[BlackElo "2479"]
[Annotator "ChessBase"]
[PlyCount "110"]
[EventDate "2020.07.28"]
[EventType "tourn"]
[EventCountry "GER"]
[SourceTitle "playchess.com"]
[Source "ChessBase"]
[SourceQuality "1"]
[TimeControl "180+2"]

1. d4 d5 2. c4 c6 3. Nf3 Nf6 4. e3 Bf5 5. Nc3 e6 6. Nh4 Be4 7. f3 Bg6 8. g3 Be7 9. Be2 Nbd7 10. O-O O-O 11. Nxg6 hxg6 12. cxd5 cxd5 13. Bd3 e5 14. Qb3 exd4 15. exd4 Qb6 16. Qxb6 Nxb6 17. Be3 Rac8 18. Rac1 Rfe8 19. Kf2 a6 20. Rc2 Nc4 21. Nxd5 Nxd5 22. Rxc4 Rcd8 23. Be4 b5 24. Bxd5 bxc4 25. Bxc4 Bf6 26. Rd1 a5 27. Rd2 a4 28. Bb5 Re6 29. d5 Re5 30. Bc6 Rh5 31. h4 g5 32. Bxg5 Bxg5 33. hxg5 Rxg5 34. f4 Rh5 35. Kf3 Kf8 36. Bxa4 Rhxd5 37. Rxd5 Rxd5 38. Bc6 Rd2 39. a4 Rxb2 40. Bb5 Ke7 41. g4 Rb4 42. Ke3 Kd6 43. Kf3 Kd5 44. g5 Kd4 45. Be8 f6 46. gxf6 gxf6 47. Bb5 f5 48. Bd7 Rb3+ 49. Kf2 Ke4 50. Be6 Ra3 51. Bd7 Kxf4 52. Bc6 Ra2+ 53. Ke1 Ke3 54. Kd1 f4 55. Kc1 f3 0-1

[Event "47th GER-ch Blitz 2020"]
[Site "Magdeburg"]
[Date "2020.08.15"]
[Round "12.5"]
[White "Krause, Benedict"]
[Black "Svane, Frederik"]
[Result "1-0"]
[ECO "B37"]
[WhiteElo "2425"]
[BlackElo "2421"]
[Annotator "ChessBase"]
[PlyCount "81"]
[EventDate "2020.07.28"]
[EventType "tourn"]
[EventCountry "GER"]
[SourceTitle "playchess.com"]
[Source "ChessBase"]
[SourceQuality "1"]
[TimeControl "180+2"]

1. e4 c5 2. Nf3 g6 3. d4 cxd4 4. Nxd4 Bg7 5. c4 Nc6 6. Nc2 Nf6 7. Nc3 O-O 8. Be2 b6 9. O-O Bb7 10. Be3 Rc8 11. f3 Qc7 12. Qd2 d6 13. Rac1 Qb8 14. b3 Rfd8 15. Rfd1 Ne5 16. Nb4 e6 17. Nd3 Nxd3 18. Bxd3 d5 19. cxd5 exd5 20. Bf4 Qa8 21. e5 Nd7 22. Re1 Nc5 23. Nb5 Ne6 24. Bg3 Rxc1 25. Rxc1 Rc8 26. Nd6 Rc5 27. b4 Rxc1+ 28. Qxc1 Bc6 29. f4 Bh6 30. Qf1 d4 31. h4 Bd5 32. f5 Be3+ 33. Kh2 Ng7 34. e6 Qd8 35. fxg6 Bxe6 36. gxh7+ Kh8 37. Nxf7+ Bxf7 38. Qxf7 Bh6 39. Qg6 Bf4 40. Kh1 Qc7 41. Qe4 1-0

[Event "47th GER-ch Blitz 2020"]
[Site "Magdeburg"]
[Date "2020.08.15"]
[Round "12.6"]
[White "Muranyi, Karl-Jasmin"]
[Black "Reichmann, Hendrik"]
[Result "1-0"]
[ECO "A40"]
[WhiteElo "2331"]
[BlackElo "2348"]
[Annotator "ChessBase"]
[PlyCount "121"]
[EventDate "2020.07.28"]
[EventType "tourn"]
[EventCountry "GER"]
[SourceTitle "playchess.com"]
[Source "ChessBase"]
[SourceQuality "1"]
[TimeControl "180+2"]

1. d4 g6 2. c3 Bg7 3. Nf3 d6 4. Bf4 Nd7 5. h3 e5 6. Bh2 Qe7 7. e3 Ngf6 8. Be2 O-O 9. O-O b6 10. a4 a6 11. Nbd2 Bb7 12. Qb3 Kh8 13. Qa3 e4 14. Ne1 Rfe8 15. Nc2 Bf8 16. b4 Qd8 17. Qb3 Qe7 18. c4 Rab8 19. a5 Bc8 20. axb6 Rxb6 21. Qa4 c5 22. Rfb1 cxd4 23. Nxd4 Ne5 24. Qa5 Qb7 25. c5 dxc5 26. bxc5 Rxb1+ 27. Rxb1 Qd5 28. Bxe5 Qxe5 29. Bxa6 Qxc5 30. Qxc5 Bxc5 31. Bxc8 Rxc8 32. Rc1 Rc7 33. Nb5 Rd7 34. Rxc5 Rxd2 35. g4 h6 36. Nd4 Kg7 37. Kg2 Ra2 38. Kg3 Ra1 39. Rc7 Ra6 40. Re7 Kf8 41. Re5 Ra1 42. Kg2 Ra2 43. Nc6 Rd2 44. Nb4 Kg7 45. Kg3 Rd1 46. Nc6 Rg1+ 47. Kh2 Rf1 48. Kg2 Rd1 49. Nd4 Rd2 50. Re7 Kf8 51. Re5 Kg7 52. Kg3 Rd1 53. Ne2 Rd2 54. Nc3 Rc2 55. Nxe4 Nd7 56. Re7 Nf8 57. Nd6 Ne6 58. Rxf7+ Kg8 59. Rf6 Ng5 60. h4 Kg7 61. hxg5 1-0

[Event "47th GER-ch Blitz 2020"]
[Site "Magdeburg"]
[Date "2020.08.15"]
[Round "12.11"]
[White "Holtel, Jasper"]
[Black "Dobrikov, Marco"]
[Result "1-0"]
[ECO "B21"]
[WhiteElo "2305"]
[BlackElo "2290"]
[Annotator "ChessBase"]
[PlyCount "58"]
[EventDate "2020.07.28"]
[EventType "tourn"]
[EventCountry "GER"]
[SourceTitle "playchess.com"]
[Source "ChessBase"]
[SourceQuality "1"]
[TimeControl "180+2"]

1. e4 c5 2. d4 cxd4 3. c3 dxc3 4. Nxc3 e6 5. Nf3 a6 6. Bc4 b5 7. Bb3 Bb7 8. O-O Nc6 9. Qe2 Nge7 10. Bg5 f6 11. Be3 Ng6 12. Rad1 Qc7 13. Nd5 exd5 14. exd5 Nce5 15. Nxe5 Qxe5 16. f4 Qe7 17. d6 Qe4 18. Rd4 Qf5 19. Bd2+ Be7 20. dxe7 Nh4 21. Rf2 Rc8 22. g3 Ng6 23. Bb4 d5 24. Qd2 Qd7 25. Re2 h5 26. Bxd5 Bxd5 27. Rxd5 Rc1+ 28. Qxc1 Qxd5 29. Qd2 Qxd2 1-0

[Event "47th GER-ch Blitz 2020"]
[Site "Magdeburg"]
[Date "2020.08.15"]
[Round "15.5"]
[White "Frischmann, Rick"]
[Black "Siebrecht, Sebastian"]
[Result "1-0"]
[ECO "B41"]
[WhiteElo "2347"]
[BlackElo "2429"]
[Annotator "RC"]
[PlyCount "53"]
[EventDate "2020.07.28"]
[EventType "tourn"]
[EventCountry "GER"]
[SourceTitle "playchess.com"]
[Source "ChessBase"]
[SourceQuality "1"]
[TimeControl "180+2"]

1. e4 c5 2. Nf3 e6 3. d4 cxd4 4. Nxd4 a6 5. c4 Qc7 6. a3 Nf6 7. Nc3 g6 8. Be2 Bg7 9. Be3 O-O 10. O-O d6 11. Rc1 Nbd7 12. b4 b6 13. f3 Bb7 14. Qd2 Rfe8 15. Rfd1 Rac8 16. Nb3 Qb8 17. Qxd6 Qa8 18. Na4 Rcd8 19. Nxb6 Nxb6 20. Qxb6 Rxd1+ 21. Rxd1 Nxe4 22. fxe4 Bxe4 23. Qa7 Qc6 24. Qd7 Qa8 25. Qa7 Qc6 26. Na5 Qa4 27. Qd7 1-0

[Event "47th GER-ch Blitz 2020"]
[Site "Magdeburg"]
[Date "2020.08.15"]
[Round "15.12"]
[White "Siebarth, Raiko"]
[Black "Muranyi, Karl-Jasmin"]
[Result "0-1"]
[ECO "B10"]
[WhiteElo "2333"]
[BlackElo "2331"]
[Annotator "RC"]
[PlyCount "107"]
[EventDate "2020.07.28"]
[EventType "tourn"]
[EventCountry "GER"]
[SourceTitle "playchess.com"]
[Source "ChessBase"]
[SourceQuality "1"]
[TimeControl "180+2"]

1. e4 c6 2. Nc3 d5 3. f4 dxe4 4. Nxe4 Nf6 5. Nf2 g6 6. Nf3 Bg7 7. g3 O-O 8. Bg2 Ng4 9. O-O Nxf2 10. Rxf2 Bg4 11. c3 Nd7 12. d4 a5 13. Be3 Nf6 14. h3 Nd5 15. Qe1 Nxe3 16. Qxe3 Be6 17. Ne5 Bd5 18. Bf1 b5 19. f5 e6 20. fxg6 fxg6 21. Rxf8+ Qxf8 22. Bg2 Qd6 23. Nd3 Bxg2 24. Kxg2 Qd5+ 25. Qf3 Rf8 26. Qxd5 exd5 27. Re1 Kf7 28. Nc5 Re8 29. Rf1+ Kg8 30. Rf2 b4 31. Nb7 a4 32. a3 bxa3 33. bxa3 Bf8 34. Na5 Rc8 35. Rb2 Bxa3 36. Ra2 Bd6 37. Rxa4 Ra8 38. Ra1 c5 39. Nb3 Rxa1 40. Nxa1 c4 41. Nc2 Kf7 42. Kf3 Ke6 43. Ne3 Ba3 44. Ke2 Bb2 45. Kd2 Ba3 46. Ng2 Bd6 47. g4 h5 48. Ke2 Kf6 49. Kf3 Ke6 50. Ne3 hxg4+ 51. Kxg4 Be7 52. Ng2 g5 53. Ne3 Bf6 54. Kf3 0-1

[Event "47th GER-ch Blitz 2020"]
[Site "Magdeburg"]
[Date "2020.08.15"]
[Round "15.13"]
[White "Hess, Max"]
[Black "Krause, Benedict"]
[Result "0-1"]
[ECO "A05"]
[WhiteElo "2378"]
[BlackElo "2425"]
[Annotator "RC"]
[PlyCount "78"]
[EventDate "2020.07.28"]
[EventType "tourn"]
[EventCountry "GER"]
[SourceTitle "playchess.com"]
[Source "ChessBase"]
[SourceQuality "1"]
[TimeControl "180+2"]

1. Nf3 Nf6 2. g3 g6 3. Bg2 Bg7 4. O-O O-O 5. d4 d5 6. Nbd2 Bf5 7. c3 Qc8 8. Re1 c5 9. dxc5 Qxc5 10. Nb3 Qd6 11. Bf4 Qd8 12. Nbd4 Be4 13. Qb3 Qc8 14. Bf1 Bxf3 15. exf3 e6 16. Nb5 Ne8 17. Bd6 Nxd6 18. Nxd6 Qc7 19. Qxb7 Qxd6 20. Qxa8 Qb6 21. a4 Nc6 22. a5 Qc7 23. Qxf8+ Kxf8 24. f4 Nxa5 25. Ra4 Nc6 26. Rea1 Bf6 27. Bb5 Qb6 28. Bxc6 Qxc6 29. Rxa7 d4 30. R1a6 Qf3 31. Rc7 d3 32. Rd6 Qe2 33. Rcd7 Qxb2 34. Rxd3 Bxc3 35. h4 Ba5 36. Kg2 Bb6 37. Rd2 Qb5 38. R7d6 Bc7 39. Rd7 Qc6+ 0-1

[Event "47th GER-ch Blitz 2020"]
[Site "Magdeburg"]
[Date "2020.08.15"]
[Round "15.15"]
[White "Berger, Steve"]
[Black "Schoewel, Matthias"]
[Result "1-0"]
[ECO "C66"]
[WhiteElo "2408"]
[BlackElo "2218"]
[Annotator "RC"]
[PlyCount "41"]
[EventDate "2020.07.28"]
[EventType "tourn"]
[EventCountry "GER"]
[SourceTitle "playchess.com"]
[Source "ChessBase"]
[SourceQuality "1"]
[TimeControl "180+2"]

1. e4 e5 2. Nf3 Nc6 3. Bb5 d6 4. O-O Nf6 5. Re1 Be7 6. c3 O-O 7. h3 Bd7 8. d4 exd4 9. cxd4 d5 10. e5 Ne4 11. Bd3 f5 12. exf6 Bxf6 13. Nc3 Nxc3 14. bxc3 Qc8 15. Ba3 Re8 16. Qd2 Be6 17. Qf4 h6 18. Re3 Qd7 19. Rae1 Qf7 20. Qg3 Qd7 21. Qg6 1-0

[Event "47th GER-ch Blitz 2020"]
[Site "Magdeburg"]
[Date "2020.08.15"]
[Round "16.4"]
[White "Muranyi, Karl-Jasmin"]
[Black "Hess, Max"]
[Result "1-0"]
[ECO "A45"]
[WhiteElo "2331"]
[BlackElo "2378"]
[Annotator "RC"]
[PlyCount "69"]
[EventDate "2020.07.28"]
[EventType "tourn"]
[EventCountry "GER"]
[SourceTitle "playchess.com"]
[Source "ChessBase"]
[SourceQuality "1"]
[TimeControl "180+2"]

1. d4 Nf6 2. c3 g6 3. Bf4 Bg7 4. h3 O-O 5. Nf3 d6 6. Nbd2 c5 7. e3 b6 8. Be2 Bb7 9. O-O Nbd7 10. Bh2 Rc8 11. a4 a6 12. Bd3 Rc7 13. Qe2 Qa8 14. e4 cxd4 15. cxd4 Ne8 16. e5 dxe5 17. dxe5 e6 18. Rfc1 Nc5 19. b4 Nxd3 20. Qxd3 Qc8 21. Rxc7 Nxc7 22. Ne4 Nd5 23. Nd6 Qc6 24. b5 axb5 25. axb5 Qd7 26. Ra7 Ra8 27. Qa3 Rxa7 28. Qxa7 Qc7 29. Bg3 Qc1+ 30. Kh2 Bc8 31. Qb8 Ne7 32. Qxb6 Bf8 33. Qd8 Qc5 34. Qe8 Kg7 35. Qxf7+ 1-0

[Event "47th GER-ch Blitz 2020"]
[Site "Magdeburg"]
[Date "2020.08.15"]
[Round "19.10"]
[White "Siebarth, Raiko"]
[Black "Voege, Tobias"]
[Result "1/2-1/2"]
[ECO "B38"]
[WhiteElo "2333"]
[BlackElo "2326"]
[Annotator "RC"]
[PlyCount "125"]
[EventDate "2020.07.28"]
[EventType "tourn"]
[EventCountry "GER"]
[SourceTitle "playchess.com"]
[Source "ChessBase"]
[SourceQuality "1"]
[TimeControl "180+2"]

1. e4 c5 2. Nf3 Nc6 3. d4 cxd4 4. Nxd4 g6 5. c4 Bg7 6. Be3 Nf6 7. Nc3 O-O 8. Be2 d6 9. O-O Nxd4 10. Bxd4 a5 11. a3 Bd7 12. c5 dxc5 13. Bxc5 Bc6 14. f3 Nd7 15. Be3 e6 16. Rc1 Qe7 17. Qe1 Rfc8 18. Qf2 a4 19. Rfd1 Rd8 20. Rd2 Nf6 21. Rcd1 Rxd2 22. Rxd2 Rd8 23. Bd1 b5 24. Bb6 Rxd2 25. Qxd2 Nd7 26. Bd4 Bxd4+ 27. Qxd4 e5 28. Qa7 Qd6 29. Qe3 b4 30. axb4 Qxb4 31. Qd2 a3 32. bxa3 Qxa3 33. Nd5 Qc5+ 34. Ne3 Nb6 35. Bb3 Kg7 36. Kf2 Nd7 37. Kg3 Nf6 38. h3 Nh5+ 39. Kh2 Nf4 40. Ng4 h5 41. Nf2 Qd4 42. Qa2 Be8 43. Qc2 h4 44. Ng4 Nh5 45. Qf2 Qxf2 46. Nxf2 f6 47. Kg1 Bc6 48. Nd3 Kf8 49. Kf2 Ke7 50. Ke3 Bb5 51. Bc2 Kd6 52. Ne1 Nf4 53. Bb3 g5 54. Bc2 Kc5 55. Bd3 Bxd3 56. Nxd3+ Nxd3 57. Kxd3 Kb4 58. Kd2 Kb3 59. Kd3 Kb4 60. Kd2 Kc4 61. Kc2 Kd4 62. Kd2 Kc4 63. Kc2 1/2-1/2

[Event "47th GER-ch Blitz 2020"]
[Site "Magdeburg"]
[Date "2020.08.15"]
[Round "20.7"]
[White "Holtel, Jasper"]
[Black "Siebarth, Raiko"]
[Result "0-1"]
[ECO "B21"]
[WhiteElo "2305"]
[BlackElo "2333"]
[Annotator "RC"]
[PlyCount "122"]
[EventDate "2020.07.28"]
[EventType "tourn"]
[EventCountry "GER"]
[SourceTitle "playchess.com"]
[Source "ChessBase"]
[SourceQuality "1"]
[TimeControl "180+2"]

1. e4 c5 2. d4 cxd4 3. c3 Nf6 4. e5 Nd5 5. Nf3 e6 6. cxd4 b6 7. a3 Bb7 8. Bd3 d6 9. O-O Nd7 10. Nbd2 h6 11. Ne4 dxe5 12. dxe5 Rc8 13. b4 Be7 14. Bb2 O-O 15. Rc1 Nf4 16. Bb1 Rxc1 17. Bxc1 Ng6 18. Bb2 Qc7 19. Qd4 Rd8 20. Rc1 Qb8 21. Nd6 Ndxe5 22. Nxe5 Bxd6 23. Bxg6 fxg6 24. Kh1 Bxe5 25. Qxe5 Qxe5 26. Bxe5 Rd2 27. f3 Re2 28. Bd4 e5 29. Bc3 e4 30. Re1 Rc2 31. Bd4 exf3 32. gxf3 Bxf3+ 33. Kg1 Rg2+ 34. Kf1 Rd2 35. Ba1 Kf7 36. Re3 Bd5 37. Bc3 Rxh2 38. Kg1 Rg2+ 39. Kf1 Ra2 40. Bd4 g5 41. Re5 Bc4+ 42. Ke1 g4 43. Re4 h5 44. Rf4+ Kg6 45. Re4 Rxa3 46. Re5 g3 47. Be3 h4 48. Rg5+ Kf6 49. Rg4 Rxe3+ 50. Kd2 Re2+ 51. Kc3 b5 52. Rf4+ Kg5 53. Rf8 g2 54. Rf3 g1=Q 55. Rf5+ Kg4 56. Rf4+ Kh3 57. Rxh4+ Kg2 58. Rg4+ Kf1 59. Rf4+ Rf2 60. Rf5 Qg3+ 61. Kd4 Rxf5 0-1

[Event "47th GER-ch Blitz 2020"]
[Site "Magdeburg"]
[Date "2020.08.15"]
[Round "21.2"]
[White "Frischmann, Rick"]
[Black "Zelbel, Patrick"]
[Result "0-1"]
[ECO "B01"]
[WhiteElo "2347"]
[BlackElo "2448"]
[Annotator "RC"]
[PlyCount "82"]
[EventDate "2020.07.28"]
[EventType "tourn"]
[EventCountry "GER"]
[SourceTitle "playchess.com"]
[Source "ChessBase"]
[SourceQuality "1"]
[TimeControl "180+2"]

1. e4 d5 2. exd5 Qxd5 3. Nc3 Qa5 4. d4 Nf6 5. Bc4 Bg4 6. f3 Bf5 7. Nge2 e6 8. O-O Nbd7 9. Ng3 Bg6 10. f4 O-O-O 11. Bb3 h5 12. Qf3 h4 13. Nge4 h3 14. g3 Be7 15. Bd2 Qb6 16. Be3 Nxe4 17. Nxe4 Nf6 18. Nf2 Rxd4 19. c3 Rxf4 20. Qxf4 Qc6 21. Nxh3 Rxh3 22. Rad1 a6 23. Ba4 b5 24. Bb3 Be4 25. Bd4 Rh8 26. Rf2 Bg6 27. Re1 Nd5 28. Qd2 Rd8 29. Qc1 Nf6 30. a4 Ng4 31. Rfe2 bxa4 32. Bc2 Bh5 33. Be4 Qc4 34. Rg2 Rxd4 35. cxd4 Qxd4+ 36. Kh1 Nf2+ 37. Rxf2 Qxf2 38. Qc3 Bf6 39. Qa5 Bf3+ 40. Bxf3 Qxf3+ 41. Kg1 Bd4+ 0-1

[Event "47th GER-ch Blitz 2020"]
[Site "Magdeburg"]
[Date "2020.08.15"]
[Round "21.15"]
[White "Krause, Benedict"]
[Black "Muranyi, Karl-Jasmin"]
[Result "1-0"]
[ECO "B12"]
[WhiteElo "2425"]
[BlackElo "2331"]
[Annotator "ChessBase"]
[PlyCount "64"]
[EventDate "2020.07.28"]
[EventType "tourn"]
[EventCountry "GER"]
[SourceTitle "playchess.com"]
[Source "ChessBase"]
[SourceQuality "1"]
[TimeControl "180+2"]

1. e4 c6 2. d4 d5 3. Nd2 g6 4. Ngf3 Bg7 5. c3 Bg4 6. Bd3 Nf6 7. e5 Nfd7 8. h3 Bxf3 9. Nxf3 e6 10. h4 h5 11. Ng5 Bh6 12. g4 Bxg5 13. Bxg5 Qb6 14. Rb1 c5 15. gxh5 Rxh5 16. Be2 Rh8 17. Kf1 cxd4 18. cxd4 Nc6 19. Be3 Ne7 20. Bd3 Nb8 21. b4 Nbc6 22. a4 Nf5 23. a5 Nxe3+ 24. fxe3 Qd8 25. a6 bxa6 26. Qa4 Qb6 27. Rc1 Rc8 28. Bxa6 g5 29. Rc5 Qxb4 30. Rg1 Kf8 31. Ke2 Ke7 32. Rg4 Kf8 1-0

[Event "47th GER-ch Blitz 2020"]
[Site "Magdeburg"]
[Date "2020.08.15"]
[Round "22.2"]
[White "Braeuning, Rudolf Wilhelm"]
[Black "Krause, Benedict"]
[Result "1/2-1/2"]
[ECO "B36"]
[WhiteElo "2244"]
[BlackElo "2425"]
[Annotator "ChessBase"]
[PlyCount "131"]
[EventDate "2020.07.28"]
[EventType "tourn"]
[EventCountry "GER"]
[SourceTitle "playchess.com"]
[Source "ChessBase"]
[SourceQuality "1"]
[TimeControl "180+2"]

1. e4 c5 2. Nf3 g6 3. d4 cxd4 4. Nxd4 Nc6 5. c4 Nf6 6. Nc3 d6 7. Be2 Nxd4 8. Qxd4 Bg7 9. Bg5 O-O 10. O-O Qa5 11. Qd2 Be6 12. Rac1 Rfc8 13. b3 a6 14. Bf3 Rab8 15. Nd5 Qxd2 16. Bxd2 Nxd5 17. exd5 Bd7 18. a4 Bd4 19. Rfe1 e5 20. dxe6 Bxe6 21. Bf4 Rd8 22. Rcd1 Bc5 23. Bd5 Bxd5 24. Rxd5 b5 25. cxb5 axb5 26. Ra1 Ra8 27. g3 bxa4 28. bxa4 Kf8 29. Bd2 Ra6 30. a5 Ke7 31. Rd3 Kd7 32. Rb3 Kc7 33. Rab1 Ra7 34. Kg2 Kc6 35. Rf3 f5 36. h4 Re8 37. Kf1 Re4 38. Rfb3 Ra4 39. Rb8 Ra2 40. Be1 Kd5 41. R8b7 Rxb7 42. Rxb7 Ra1 43. Ke2 Ra2+ 44. Kf3 Ra1 45. Bd2 Ra2 46. Be3 Bxe3 47. fxe3 Rxa5 48. Rxh7 Ke6 49. Rh6 Kf7 50. Rh7+ Kf6 51. Rd7 d5 52. Rd6+ Kf7 53. Rb6 Rc5 54. Kf4 Rc4+ 55. Kf3 Rc5 56. Rd6 Rb5 57. Ke2 Rb2+ 58. Kf3 Rb5 59. Ra6 Rc5 60. g4 fxg4+ 61. Kxg4 Rc1 62. Kg5 Rg1+ 63. Kh6 Rg4 64. h5 gxh5 65. Kxh5 Re4 66. Ra3 1/2-1/2

[Event "47th GER-ch Blitz 2020"]
[Site "Magdeburg"]
[Date "2020.08.15"]
[Round "22.4"]
[White "Weller, Manuel"]
[Black "Schoewel, Matthias"]
[Result "1-0"]
[ECO "A25"]
[WhiteElo "2237"]
[BlackElo "2218"]
[Annotator "ChessBase"]
[PlyCount "67"]
[EventDate "2020.07.28"]
[EventType "tourn"]
[EventCountry "GER"]
[SourceTitle "playchess.com"]
[Source "ChessBase"]
[SourceQuality "1"]
[TimeControl "180+2"]

1. c4 e5 2. g3 Nc6 3. Bg2 d6 4. Nc3 Be6 5. b3 Qd7 6. e3 Be7 7. Bb2 Nf6 8. d3 Rd8 9. Nge2 Bh3 10. O-O h5 11. Nd5 Bxg2 12. Kxg2 h4 13. Nxf6+ Bxf6 14. Ng1 Ne7 15. d4 e4 16. Qc2 Qf5 17. h3 hxg3 18. fxg3 Qg6 19. Qf2 c6 20. Ne2 Bg5 21. Nf4 Bxf4 22. Qxf4 d5 23. Ba3 Ng8 24. cxd5 cxd5 25. Rac1 Nf6 26. Rc7 Nd7 27. Rxb7 Qh5 28. h4 f6 29. Qd6 Qf7 30. Rf5 g6 31. Rxd5 Rh7 32. Rxa7 g5 33. Rxd7 Rxd7 34. Qb8+ 1-0